 Dungeon Crawl Stone Soup version 0.30-a0-883-g5ad918d77d (webtiles) character file.

Game seed: 5868152796928465622

9982 dolemite99 the Martial Artist (level 11, -5/100 HPs)
             Began as a Gnoll Transmuter on Mar 17, 2023.
             Was an Initiate of Ashenzari.
             Slain by a troll (13 damage)
             ... on level 8 of the Dungeon.
             The game lasted 00:22:22 (17840 turns).

dolemite99 the Martial Artist (Gnoll Transmuter)   Turns: 17840, Time: 00:22:22

Health: -5/100     AC:  8    Str: 18    XL:     11   Next: 55%
Magic:  18/21      EV: 12    Int: 15    God:    Ashenzari [......]
Gold:   374        SH:  0    Dex: 12    Spells: 10/26 levels left

rFire   x . .      SeeInvis .      - Unarmed
rCold   + + +      Faith    .    T - melded +0 buckler
rNeg    . . .      Spirit   .    S - melded +2 ring mail {Will+}
rPois   +          Reflect  .    A - melded +0 hat {Int+3}
rElec   .          Rampage  .    v - melded +1 cloak
rCorr   +                        f - melded +1 pair of gloves of Cremastomancy {Stlth+, Melee, Self} (curse)
Will    .....                    (boots currently unavailable)
Stlth   +++                      (no amulet)
HPRegen 0.36/turn                z - +6 ring of strength
MPRegen 0.17/turn                y - ring of resist corrosion

@: ice-form
A: freezing attack, amphibious, boosted hp, large, (fangs 1), strong nose,
distributed training, low MP 1, screaming 1
a: End Transformation, Renounce Religion, Shatter the Chains


You were on level 8 of the Dungeon.
You worshipped Ashenzari.
Ashenzari was noncommittal.
You were a creature of crystalline ice.
You visited 2 branches of the dungeon, and saw 10 of its levels.

You collected 616 gold pieces.
You spent 242 gold pieces at shops.

Inventory:

Hand Weapons
 k - a -2 demon whip of venom
 l - a +1 long sword of holy wrath
 s - a +0 trident
 t - a +1 dagger of protection
 C - a +0 short sword
 E - a +0 whip of draining
 H - a +0 sling
 O - a +3 scimitar of flaming
 R - a +0 sling
Missiles
 g - 42 poisoned darts
 r - 3 throwing nets
 B - 8 boomerangs
 J - 2 curare-tipped darts
 N - 3 javelins
Armour
 a - a +0 robe
 f - the cursed +1 pair of gloves of Cremastomancy (melded) {Stlth+, Melee, Self}
   (You bought it in a shop on level 4 of the Dungeon)

   It has a curse which improves the following skills: Melee Combat: Short
   Blades, Long Blades, Axes, Maces & Flails, Polearms, Staves and Unarmed
   Combat.
   Introspection: Fighting and Spellcasting.
 h - a +0 scale mail of cold resistance
 i - the +1 ring mail of Peek-a-Boo {Int+3}
   (You found it on level 8 of the Dungeon)

   Int:       It affects your intelligence (+3).
 v - a +1 cloak (melded)
 A - a +0 hat of intelligence (melded)
 D - a +2 scale mail of cold resistance
 P - a +0 leather armour of cold resistance
 S - a +2 ring mail of willpower (melded)
 T - a +0 buckler (melded)
Magical Staves
 L - a staff of earth
Jewellery
 u - a ring of poison resistance
 x - a ring of ice
 y - a ring of resist corrosion (right front paw)
 z - a +6 ring of strength (left front paw)
Wands
 n - a wand of mindburst (2)
 o - a wand of flame (9) (quivered)
 F - a wand of roots (7)
Scrolls
 c - 2 scrolls of vulnerability
 e - 5 scrolls of teleportation
 q - 2 scrolls of blinking
 w - 2 scrolls of poison
 G - 2 scrolls of immolation
 I - a scroll of fear
 K - a scroll of silence
 M - a scroll of identify {@r1}
Potions
 b - 5 potions of lignification
 d - 2 potions of flight
 j - 4 potions of curing
 m - 2 potions of magic
 p - 2 potions of brilliance
 Q - a potion of haste


   Skills:
 + Level 7.2 Fighting
 + Level 6.6 Short Blades
 + Level 6.6 Long Blades
 + Level 6.6 Axes
 + Level 6.6 Maces & Flails
 + Level 6.6 Polearms
 + Level 6.6 Staves
 + Level 6.6 Ranged Weapons
 + Level 6.6 Throwing
 + Level 6.6 Armour
 + Level 8.1 Dodging
 + Level 6.6 Stealth
 + Level 6.6 Shields
 + Level 9.4 Unarmed Combat
 + Level 8.4 Spellcasting
 + Level 5.5 Conjurations
 + Level 5.5 Hexes
 + Level 5.5 Summonings
 + Level 5.5 Necromancy
 + Level 5.5 Translocations
 + Level 6.8 Transmutations
 + Level 5.5 Fire Magic
 + Level 5.5 Ice Magic
 + Level 5.5 Air Magic
 + Level 5.5 Earth Magic
 + Level 5.5 Poison Magic
 + Level 7.3 Invocations
 + Level 6.6 Evocations


You had 10 spell levels left.
You knew the following spells:

 Your Spells              Type           Power      Damage    Failure   Level
a - Poisonous Vapours     Pois/Air       44%        N/A       1%          2
b - Spider Form           Tmut/Pois      24%        N/A       2%          3
c - Ice Form              Ice/Tmut       24%        N/A       9%          4
d - Mephitic Cloud        Conj/Pois/Air  22%        N/A       3%          3
e - Frozen Ramparts       Ice            44%        1d7       3%          3
f - Beastly Appendage     Tmut           52%        N/A       1%          1

Your spell library contained the following spells:

 Spells                   Type           Power      Damage    Failure   Level
 Freeze                   Ice            88%        1d9       1%          1
 Cigotuvi's Dreadful Rot  Necr/Pois/Air  44%        N/A       1%          2
 Ensorcelled Hibernation  Hex/Ice        44%        N/A       1%          2
 Wereblood                Tmut           26%        N/A       1%          2
 Hailstorm                Conj/Ice       22%        3d7       3%          3
 Anguish                  Hex/Necr       11%        N/A       12%         4


Dungeon Overview and Level Annotations

Branches:
Dungeon (9/15)             Temple (1/1) D:7
   Lair: D:8-11         Orc: D:9-12

Altars:
Ashenzari
Cheibriados
Dithmenos
Elyvilon
Fedhas
Gozag
Hepliaklqana
Kikubaaqudgha
Makhleb
Nemelex Xobeh
Okawaru
Qazlal
Ru
Trog
Uskayaw
Vehumet
Wu Jian
Xom
Yredelemnul
Zin
The Shining One

Shops:
D:4 [   D:5 ?:(   D:8 =[(*

Annotations:
D:5 2 transporters
D:9 2 runed translucent doors


Innate Abilities, Weirdness & Mutations

You are a creature of crystalline ice.
You have a powerful freezing melee attack.
You are amphibious.
Your maximum health is increased.
Your armour is entirely melded.
You are incapable of wielding weapons or throwing items.
((You have very sharp teeth.))
Your uncanny sense of smell can sniff out nearby items.
Your experience applies equally to all skills.
Your magical capacity is low. (-10% MP)
You occasionally shout uncontrollably at your foes.


Message History

You block the troll's attack. x2; The troll barely misses you.
The gnoll sergeant hits you but does no damage.
You climb upwards.
There is a stone staircase leading down here.
Casting: Poisonous Vapours (safe; 3% risk of failure)
Confirm with . or Enter, or press ? or * to list all spells.
You turn into a creature of crystalline ice.
Your +1 cloak melds into your body.
Your +0 hat of intelligence melds into your body.
The cursed +1 pair of gloves of Cremastomancy {Stlth+, Melee, Self} melds into your body.
Your +0 buckler melds into your body.
Your +2 ring mail of willpower melds into your body.
You feel stupid.
You feel less stealthy.
You feel less strong-willed. The troll barely misses you.
The troll claws you. x2
You pummel the troll!! You freeze the troll.
The troll is heavily wounded.
The troll barely misses you. The troll claws you but does no damage.
The troll claws you!
You barely miss the troll.
The troll is heavily wounded.
The troll bites you!
* * * LOW HITPOINT WARNING * * *
The troll claws you.
* * * LOW HITPOINT WARNING * * *
The troll claws you!
* * * LOW HITPOINT WARNING * * *
You barely miss the troll.
The troll is heavily wounded.
The troll closely misses you. x2; The troll barely misses you.
You hit the troll but do no damage.
The troll is heavily wounded.
You hit the troll. You freeze the troll.
The troll is severely wounded.
The troll misses you. The troll closely misses you. The troll claws you!
* * * LOW HITPOINT WARNING * * *
You barely miss the troll.
The troll is severely wounded.
The troll bites you!
You die...

#####.###.#######.# #.
#......†......# ##
###..########.# # #..# #.# #
##### #..########.# # ##...##
#...........# # #.###.##
#..########.### # .## ##.###
######.............# # .#
#...###....Y..########.#.# .##
##.#........T.............###
#.###.######...)...#####.........
##...### #.......# #.#..#.###
.......# #.......# #)#...†...
.#####.# #.......# #)#.##.### .#
#.#####.......# ###[#.##)## .#
#..........##.###.........## .#
#.....#.........#'###.##....


You could see a troll.

Vanquished Creatures
  Erica (D:8)
  3 two-headed ogres
  Amaemon (D:8)
  Maurice (D:8)
  Joseph (D:9)
  The ghost of MrSquiggles the Poker, a novice OpFi of Sif Muna (D:6)
  Prince Ribbit (D:8)
  A hornet (D:8)
  A spriggan (D:8)
  2 wyverns
  Sigmund (D:3)
  A shadow (D:9)
  5 yaks (D:8)
  Eustachio (D:6)
  Duvessa (D:7)
  3 orc warriors
  6 ice beasts
  A sky beast (D:7)
  3 black bears
  3 centaurs
  A phantom (D:6)
  A bullfrog (D:8)
  4 kobold brigands
  2 gnoll sergeants (D:9)
  A scorpion (D:5)
  10 wights
  Dowan (D:7)
  6 killer bees (D:8)
  3 howler monkeys (D:8)
  3 jellies
  3 orc priests
  Crazy Yiuf (D:3)
  3 sleepcaps
  2 hounds (D:7)
  A gnoll bouda (D:9)
  Terence (D:2)
  6 iguanas
  8 orc wizards
  Robin (D:3)
  7 adders
  13 gnolls
  3 worms
  A dart slug (D:3)
  22 orcs
  13 ball pythons
  17 endoplasms
  5 giant cockroaches
  13 hobgoblins
  7 jackals
  6 quokkas
  5 bats
  8 frilled lizards
  15 goblins
  24 kobolds
  9 rats
264 creatures vanquished.

Vanquished Creatures (others)
  7 fungi (D:3)
  9 toadstools (D:3)
16 creatures vanquished.

Grand Total: 280 creatures vanquished

Notes
Turn   | Place    | Note
-------+----------+-------------------------------------------
     0 | D:1      | dolemite99 the Gnoll Transmuter began the quest for the
                  | Orb.
     0 | D:1      | Reached XP level 1. HP: 17/17 MP: 6/6
   146 | D:1      | Reached XP level 2. HP: 21/23 MP: 7/7
   531 | D:1      | Reached skill level 5 in Spellcasting
   531 | D:1      | Reached XP level 3. HP: 28/28 MP: 6/9
   821 | D:1      | Reached skill level 1 in Invocations
  1343 | D:2      | Reached skill level 1 in Short Blades
  1343 | D:2      | Reached skill level 1 in Long Blades
  1343 | D:2      | Reached skill level 1 in Axes
  1343 | D:2      | Reached skill level 1 in Maces & Flails
  1343 | D:2      | Reached skill level 1 in Polearms
  1343 | D:2      | Reached skill level 1 in Staves
  1343 | D:2      | Reached skill level 1 in Ranged Weapons
  1343 | D:2      | Reached skill level 1 in Throwing
  1343 | D:2      | Reached skill level 1 in Armour
  1343 | D:2      | Reached skill level 1 in Stealth
  1343 | D:2      | Reached skill level 1 in Shields
  1343 | D:2      | Reached skill level 1 in Evocations
  1379 | D:2      | Reached XP level 4. HP: 34/34 MP: 9/11
  1690 | D:2      | Noticed Terence
  1698 | D:2      | Killed Terence
  1699 | D:2      | Reached skill level 1 in Conjurations
  1699 | D:2      | Reached skill level 1 in Hexes
  1699 | D:2      | Reached skill level 1 in Summonings
  1699 | D:2      | Reached skill level 1 in Necromancy
  1699 | D:2      | Reached skill level 1 in Translocations
  1699 | D:2      | Reached skill level 1 in Fire Magic
  1699 | D:2      | Reached skill level 1 in Ice Magic
  1699 | D:2      | Reached skill level 1 in Air Magic
  1699 | D:2      | Reached skill level 1 in Earth Magic
  1699 | D:2      | Reached skill level 1 in Poison Magic
  1872 | D:2      | Learned a level 3 spell: Spider Form
  1962 | D:2      | Found a hazy altar of Hepliaklqana.
  2089 | D:2      | Reached XP level 5. HP: 37/40 MP: 10/12
  2207 | D:3      | Noticed Sigmund
  2215 | D:3      | Killed Sigmund
  2216 | D:3      | Reached skill level 5 in Dodging
  2216 | D:3      | Reached XP level 6. HP: 47/47 MP: 3/14
  2216 | D:3      | Noticed Robin
  3814 | D:3      | Killed Robin
  4484 | D:3      | Found a runed translucent door.
  4485 | D:3      | Noticed Crazy Yiuf
  4495 | D:3      | Killed Crazy Yiuf
  5342 | D:4      | Found Hiweuruq's Antique Armour Shoppe.
  5364 | D:4      | Reached skill level 7 in Unarmed Combat
  5364 | D:4      | Reached XP level 7. HP: 40/52 MP: 10/15
  5408 | D:4      | Bought a pair of glowing gloves for 172 gold pieces
  5461 | D:4      | Learned a level 4 spell: Ice Form
  6542 | D:5      | Entered Level 5 of the Dungeon
  6542 | D:5      | Found Xietig Wuaxi's Book Emporium.
  6597 | D:5      | Found Ohicetol's Magic Scroll Shoppe.
  7003 | D:5      | Found a transporter.
  7009 | D:5      | Found a transporter.
  7178 | D:5      | Found Ifamegaysae's Weapon Shoppe.
  7507 | D:5      | Reached XP level 8. HP: 60/60 MP: 12/16
  7555 | D:5      | Bought a scroll of teleportation for 42 gold pieces
  7555 | D:5      | Bought a scroll of identify for 28 gold pieces
  8357 | D:6      | Found a runed translucent door.
  8359 | D:6      | Noticed MrSquiggles's ghost (novice OpFi)
  8986 | D:6      | Reached skill level 5 in Transmutations
  9099 | D:6      | Noticed Eustachio
  9131 | D:6      | Killed Eustachio
  9132 | D:6      | Reached XP level 9. HP: 58/67 MP: 15/18
  9415 | D:6      | Killed MrSquiggles's ghost
  9416 | D:6      | Reached skill level 5 in Fighting
 10359 | D:7      | Noticed Dowan
 10360 | D:7      | Noticed Duvessa
 10444 | D:7      | Found a staircase to the Ecumenical Temple.
 10464 | Temple   | Entered the Ecumenical Temple
 10660 | Temple   | Became a worshipper of Ashenzari the Shackled
 10720 | D:7      | Killed Duvessa
 10773 | D:7      | Killed Dowan
 10774 | D:7      | Reached skill level 8 in Unarmed Combat
 11183 | D:7      | Reached skill level 5 in Invocations
 12799 | D:8      | Noticed a hornet
 12843 | D:8      | Found Xiqit's General Store.
 12843 | D:8      | Found Taluiph's Antique Weapon Emporium.
 12846 | D:8      | Found Sargh's Armour Emporium.
 12846 | D:8      | Found Liotoero's Jewellery Emporium.
 12918 | D:8      | Reached skill level 5 in Short Blades
 12918 | D:8      | Reached skill level 5 in Long Blades
 12918 | D:8      | Reached skill level 5 in Axes
 12918 | D:8      | Reached skill level 5 in Maces & Flails
 12918 | D:8      | Reached skill level 5 in Polearms
 12918 | D:8      | Reached skill level 5 in Staves
 12918 | D:8      | Reached skill level 5 in Ranged Weapons
 12918 | D:8      | Reached skill level 5 in Throwing
 12918 | D:8      | Reached skill level 5 in Armour
 12918 | D:8      | Reached skill level 5 in Stealth
 12918 | D:8      | Reached skill level 5 in Shields
 12918 | D:8      | Reached skill level 5 in Evocations
 12918 | D:8      | Reached XP level 10. HP: 46/76 MP: 14/20
 12920 | D:8      | Noticed Amaemon
 12946 | D:8      | Killed Amaemon
 13201 | D:8      | Identified the cursed +1 pair of gloves of Cremastomancy
                  | {Stlth+, Melee, Self} (You bought it in a shop on level 4
                  | of the Dungeon)
 13360 | D:8      | Noticed a two-headed ogre
 13652 | D:8      | Killed a two-headed ogre
 13690 | D:8      | Identified the +1 ring mail of Peek-a-Boo {Int+3}
 13732 | D:8      | Noticed an orange demon
 13861 | D:8      | Noticed Erica
 13878 | D:8      | Killed Erica
 14370 | D:8      | Noticed Maurice
 14383 | D:8      | Gained mutation: Your magical capacity is low. (-10% MP)
                  | [mutagenic glow]
 14397 | D:8      | Gained mutation: You occasionally shout uncontrollably at
                  | your foes. [mutagenic glow]
 14495 | D:8      | Killed Maurice
 14750 | D:8      | Reached skill level 9 in Unarmed Combat
 14768 | D:8      | Reached skill level 5 in Conjurations
 14768 | D:8      | Reached skill level 5 in Hexes
 14768 | D:8      | Reached skill level 5 in Summonings
 14768 | D:8      | Reached skill level 5 in Necromancy
 14768 | D:8      | Reached skill level 5 in Translocations
 14768 | D:8      | Reached skill level 5 in Fire Magic
 14768 | D:8      | Reached skill level 5 in Ice Magic
 14768 | D:8      | Reached skill level 5 in Air Magic
 14768 | D:8      | Reached skill level 5 in Earth Magic
 14768 | D:8      | Reached skill level 5 in Poison Magic
 14768 | D:8      | Reached XP level 11. HP: 51/83 MP: 18/20
 14902 | D:8      | Noticed Prince Ribbit
 14920 | D:8      | Killed Prince Ribbit
 15232 | D:8      | Reached * piety under Ashenzari
 15265 | D:8      | Identified the cursed +1 helmet "Gaze Upon Infinity" {Bglg,
                  | Alch} (You took it off Robin on level 3 of the Dungeon)
 15369 | D:8      | Noticed a two-headed ogre
 15401 | D:8      | Killed a two-headed ogre
 15648 | D:8      | Learned a level 3 spell: Mephitic Cloud
 15652 | D:8      | Learned a level 3 spell: Frozen Ramparts
 15655 | D:8      | Learned a level 2 spell: Poisonous Vapours
 15936 | D:9      | Noticed a two-headed ogre
 15947 | D:9      | Killed a two-headed ogre
 16048 | D:9      | Found the +2 shield of Resistance {rF++ rC++ Will++}
 16049 | D:9      | Found a runed translucent door.
 16049 | D:9      | Noticed a fire dragon
 16049 | D:9      | Noticed a fire dragon
 16051 | D:9      | Noticed an ice dragon
 16051 | D:9      | Noticed an ice dragon
 16052 | D:9      | Found a runed translucent door.
 16060 | D:9      | Noticed Joseph
 16084 | D:9      | Killed Joseph
 17840 | D:8      | Slain by a troll

Illustrated notes

Levels and vault maps discovered:
D:1:      dpeg_arrival_ratfight, layout_basic
D:2:      layout_basic, basic_altar, uniq_terence
D:3:      cheibrodos_fertilizer, layout_loops_cross,
          corexii_item_surrounded_by_moat, uniq_robin, uniq_sigmund,
          uniq_crazy_yiuf_cottage
D:4:      layout_rooms, grunt_decor_fettered, kennysheep_windowed_goal
D:5:      gammafunk_steamed_eel, layout_cave_pools, serial_shops,
          shop_fountains, nicolae_diamond_shop, nicolae_shop_trees
D:6:      layout_loops_ring, ebering_ghost_reflecting_pool, corner_web_ring,
          eino_tiny_chamber, uniq_eustachio
D:7:      layout_gridville, minmay_temple_entry_drinking_statues, uniq_duvessa
D:8:      minmay_bubble_buster, layout_loops_ring, minmay_shop_grid_forest,
          the_hattery, uniq_amaemon, uniq_erica, uniq_prince_ribbit1,
          uniq_maurice
D:9:      layout_cave_pods, kennysheep_orc_monster_closet_entryway,
          minmay_guarded_unrand_resistance, uniq_psyche, uniq_harold,
          uniq_joseph
Temple:   nicolae_temple_slightly_damp_pantheon

Skill      XL: |  1  2  3  4  5  6  7  8  9 10 11 |
---------------+----------------------------------+-----
Spellcasting   | 5 6 7 8 |  8.4
Invocations    | 1 2 3 4 5 6 7 |  7.3
Short Blades   | 1 2 3 4 5 6 |  6.6
Long Blades    | 1 2 3 4 5 6 |  6.6
Axes           | 1 2 3 4 5 6 |  6.6
Maces & Flails | 1 2 3 4 5 6 |  6.6
Polearms       | 1 2 3 4 5 6 |  6.6
Staves         | 1 2 3 4 5 6 |  6.6
Ranged Weapons | 1 2 3 4 5 6 |  6.6
Throwing       | 1 2 3 4 5 6 |  6.6
Armour         | 1 2 3 4 5 6 |  6.6
Stealth        | 1 2 3 4 5 6 |  6.6
Shields        | 1 2 3 4 5 6 |  6.6
Evocations     | 1 2 3 4 5 6 |  6.6
Conjurations   | 1 2 3 4 5 |  5.5
Hexes          | 1 2 3 4 5 |  5.5
Summonings     | 1 2 3 4 5 |  5.5
Necromancy     | 1 2 3 4 5 |  5.5
Translocations | 1 2 3 4 5 |  5.5
Fire Magic     | 1 2 3 4 5 |  5.5
Ice Magic      | 1 2 3 4 5 |  5.5
Air Magic      | 1 2 3 4 5 |  5.5
Earth Magic    | 1 2 3 4 5 |  5.5
Poison Magic   | 1 2 3 4 5 |  5.5
Fighting       | 3 4 5 6 7 |  7.2
Dodging        | 5 6 7 8 |  8.1
Transmutations | 4 5 6 |  6.8
Unarmed Combat | 7 8 9 |  9.4

Action                     |  1- 3 |  4- 6 |  7- 9 | 10-12 || total
---------------------------+-------+-------+-------+-------++-------
  Melee: Unarmed           |    81 |   156 |   318 |   196 ||   751
         Headbutt          |     7 |     6 |     2 |       ||    15
         Bite              |     2 |     7 |     4 |     2 ||    15
         Punch             |     1 |     3 |     3 |     1 ||     8
         Kick              |    11 |    11 |     5 |       ||    27
   Cast: Beastly Appendage |    24 |    22 |     2 |       ||    48
         Spider Form       |       |    21 |    48 |    13 ||    82
         Ice Form          |       |       |     4 |    18 ||    22
         Poisonous Vapours |       |       |       |    46 ||    46
 Invoke: Curse Item        |       |       |       |     2 ||     2
         Shatter the Chain |       |       |       |     1 ||     1
  Evoke: Wand              |       |       |       |    23 ||    23
    Use: Scroll            |       |     8 |     7 |     2 ||    17
         Potion            |       |       |     4 |    10 ||    14
   Stab: Sleeping          |     3 |       |     2 |     1 ||     6
         Distracted        |       |       |       |     1 ||     1
         Invisible         |       |       |       |     1 ||     1
 Armour: Robe              |    14 |    27 |    10 |     6 ||    57
         Skin              |       |     4 |    20 |    24 ||    48
         Ring mail         |       |       |       |     8 ||     8
  Dodge: Dodged            |    78 |   175 |   258 |   225 ||   736
  Block: Buckler           |       |       |       |    13 ||    13

Table legend: (Time is in decaauts)
 A = Elapsed time spent in this place.
 B = Non-inter-level travel time spent in this place.
 C = Inter-level travel time spent in this place.
 D = Time resting spent in this place.
 E = Time spent auto-exploring this place.
 F = Levels seen in this place.
 G = Mean time per level.
                   A        B        C        D        E       F      G
               +--------+--------+--------+--------+--------+-----+--------+
         Total |  17744 |  17357 |    387 |   8752 |   5171 |  10 | 1774.4 |
       Dungeon |  17536 |  17183 |    353 |   8752 |   5026 |   9 | 1948.4 |
        Temple |    207 |    173 |     34 |      0 |    145 |   1 |  207.0 |
               +--------+--------+--------+--------+--------+-----+--------+

Top non-repeatable levels by time:
     D:8: 3508 daAuts
     D:7: 2574 daAuts
     D:2: 2183 daAuts
     D:4: 1849 daAuts
     D:3: 1754 daAuts
     D:6: 1693 daAuts
     D:9: 1477 daAuts
     D:1: 1287 daAuts
     D:5: 1208 daAuts
  Temple: 207 daAuts
